 Dungeon Crawl Stone Soup version 0.30-a0-586-g23e55c9e0a (webtiles) character file.

Game seed: 3904819644657067528

10 wormed the Trooper (level 2, 27/28 HPs)
             Began as a Naga Fighter on Jan 4, 2023.
             Quit the game on level 1 of the Dungeon.
             The game lasted 00:00:48 (200 turns).

wormed the Trooper (Naga Fighter)                    Turns: 200, Time: 00:00:48

Health: 27/28      AC:  4    Str: 18    XL:     2   Next: 20%
Magic:  2/2        EV:  7    Int:  8    God:
Gold:   24         SH:  4    Dex: 10    Spells: 1/1 levels left

rFire   . . .      SeeInvis +    a - +0 war axe
rCold   . . .      Faith    .    c - +0 buckler
rNeg    . . .      Spirit   .    b - +0 scale mail
rPois   +          Reflect  .    (no helmet)
rElec   .          Harm     .    (no cloak)
rCorr   .          Rampage  .    (no gloves)
Will    .....                    (no barding) Stlth
                                 (no amulet)
HPRegen 0.24/turn                (no ring)
MPRegen 0.08/turn                (no ring)

@: very slow
A: AC +0, large, see invisible, deformed body, poison resistance, slowness 2,
spit poison 1, naga tail 1
a: Spit Poison


You were on level 1 of the Dungeon.
You visited 1 branch of the dungeon, and saw 1 of its levels.

You collected 24 gold pieces.

Inventory:

Hand Weapons
 a - a +0 war axe (weapon)
Armour
 b - a +0 scale mail (worn)
 c - a +0 buckler (worn)
Scrolls
 f - a scroll of poison {unknown}
 g - a scroll of enchant armour {unknown}
 h - a scroll of immolation {unknown}
Potions
 d - a potion of might
 e - a potion of attraction {unknown}


   Skills:
 + Level 3.1 Fighting
 * Level 2.3 Axes
 + Level 2.5 Armour
 + Level 2.8 Shields


You had one spell level left.
You didn't know any spells.
Your spell library was empty.

Dungeon Overview and Level Annotations

Branches:
Dungeon (1/15)

Altars:


Innate Abilities, Weirdness & Mutations

Your serpentine skin is tough. (AC +0)
You have supernaturally acute eyesight. (SInv)
Armour fits poorly on your strangely shaped body.
Your system is resistant to poisons. (rPois)
You cover ground very slowly.
You can spit poison.
You have a snake-like lower body.


Message History

Something bites the plant.
Something completely misses the plant.
The endoplasm hits the plant.
Something bites the plant.
The endoplasm hits the plant.
Something bites the plant.
Something bites the plant.
The endoplasm hits the plant.
Something bites the plant.
A nearby plant withers and dies.
There are monsters nearby!
There are monsters nearby!
There are monsters nearby!
You slash the endoplasm!
You kill the endoplasm!
You have reached level 2!
You slash the giant cockroach!
You kill the giant cockroach!
No target in view!
No target in view!
You now have 24 gold pieces (gained 7).
A ball python comes into view.
The ball python hisses angrily.
A ball python is nearby!
A ball python is nearby!
A ball python is nearby!
The ball python completely misses you. The ball python bites you.
You slash the ball python!
You kill the ball python!
No target in view!
No target in view!
You see here a ball python corpse.
A ball python comes into view.
The ball python hisses angrily.
A ball python is nearby!
A ball python is nearby!
A ball python is nearby!
You closely miss the ball python. The ball python closely misses you.
The ball python bites you.
You closely miss the ball python. The ball python barely misses you.
You hit the ball python.
You kill the ball python!
Are you sure you want to abandon this character and quit the game? (Confirm with "yes".)

#######.####♣..♣
#...........♣♣.♣
#.#####.####...#
#.# #.# #..##
#.#####.# #.##
#....†..# #.#
#.####### #.#
#.# #.# #@# #.#
#.†...... ..#
#.####### #.#
#.# #.# ..# .♣#
. ##


There were no monsters in sight!

Vanquished Creatures
  An endoplasm (D:1)
  2 giant cockroaches (D:1)
  A goblin (D:1)
  4 ball pythons (D:1)
  3 bats (D:1)
11 creatures vanquished.

Vanquished Creatures (others)
  A plant (D:1)
1 creature vanquished.

Grand Total: 12 creatures vanquished

Notes
Turn   | Place    | Note
-------+----------+-------------------------------------------
     0 | D:1      | wormed the Naga Fighter began the quest for the Orb.
     0 | D:1      | Reached XP level 1. HP: 21/21 MP: 1/1
   152 | D:1      | Reached XP level 2. HP: 28/28 MP: 2/2
   200 | D:1      | Quit the game

Illustrated notes

Levels and vault maps discovered:
D:1:      dpeg_arrival_rooms_c, layout_loops_ring, serial_forest,
          infiniplex_forest_lined_corner, infiniplex_forest_lined_2,
          infiniplex_forest_clump_long, infiniplex_forest_straight_5,
          infiniplex_forest_end_2, infiniplex_forest_lined_3,
          infiniplex_forest_end_2, infiniplex_forest_lined_1,
          infiniplex_forest_lined_2, infiniplex_forest_corner_1,
          minmay_misc_feat_square

Action                   || total
-------------------------++-------
Melee: War axe           ||    16
Armor: Scale mail        ||    15
Dodge: Dodged            ||    12
Block: Buckler           ||     3

Table legend: (Time is in decaauts)
 A = Elapsed time spent in this place.
 B = Non-inter-level travel time spent in this place.
 C = Inter-level travel time spent in this place.
 D = Time resting spent in this place.
 E = Time spent auto-exploring this place.
 F = Levels seen in this place.
 G = Mean time per level.
                   A        B        C        D        E       F      G
               +--------+--------+--------+--------+--------+-----+--------+
         Total |    274 |    274 |      0 |      0 |    216 |   1 |  274.0 |
       Dungeon |    274 |    274 |      0 |      0 |    216 |   1 |  274.0 |
               +--------+--------+--------+--------+--------+-----+--------+

Top non-repeatable levels by time:
     D:1: 274 daAuts
